 Dungeon Crawl Stone Soup version 0.20.1-1-g8b1a95d (webtiles) character file.

379 Golfball the Cudgeler (level 6, -19/37 HPs)
             Began as a Gargoyle Fighter on Nov 27, 2017.
             Was an Initiate of Okawaru.
             Demolished by an ogre
             ... wielding a +0 giant club
              (29 damage)
             ... on level 4 of the Dungeon.
             The game lasted 00:07:52 (2667 turns).

Golfball the Cudgeler (Gargoyle Fighter)            Turns: 2667, Time: 00:07:53

Health: -19/37     AC: 12    Str: 22    XL:     6   Next: 74%
Magic:  6/6        EV:  7    Int:  8    God:    Okawaru [......]
Gold:   111        SH:  9    Dex:  9    Spells: 5/5 levels left

rFire    . . .     SeeInvis .   a - +0 flail
rCold    . . .     Gourm    .   c - +0 shield
rNeg     + . .     Faith    .   b - +0 scale mail
rPois    ∞         Spirit   .   (no helmet)
rElec    +         Reflect  .   (no cloak)
rCorr    .         Harm     .   (no gloves)
MR       .....                  s - +0 pair of boots
Stlth    ..........             (no amulet)
Regen    0.2/turn               (no ring)
MPRegen  0.1/turn               (no ring)

@: no status effects
A: negative energy resistance 1, electricity resistance, unbreathing,
petrification resistance, rot immunity, AC +4
a: Renounce Religion


You were on level 4 of the Dungeon.
You worshipped Okawaru.
Okawaru was noncommittal.
You were not hungry.

You visited 1 branch of the dungeon, and saw 6 of its levels.

You collected 111 gold pieces.

Inventory:

Hand Weapons
 a - a +0 flail (weapon)
 v - a +0 hand axe
Armour
 b - a +0 scale mail (worn)
 c - a +0 shield (worn)
 s - a +0 pair of boots (worn)
 u - a cursed -2 leather armour
Scrolls
 e - 4 scrolls of teleportation {unknown}
 g - a scroll of magic mapping {unknown}
 h - 2 scrolls of identify {unknown}
 i - a scroll of enchant armour {unknown}
 j - 3 scrolls of blinking {unknown}
 l - 2 scrolls of recharging {unknown}
 p - a scroll of fear {unknown}
 q - 3 scrolls of amnesia {unknown}
Potions
 d - a potion of might
 m - a potion of degeneration {unknown}
 n - a potion of ambrosia {unknown}
 r - a potion of lignification {unknown}
 t - 2 potions of brilliance {unknown}
Comestibles
 f - 2 bread rations
 k - 3 fruits
 o - 7 chunks of flesh


   Skills:
 - Level 3.2 Fighting
 + Level 7.0 Maces & Flails
 - Level 3.2 Armour
 - Level 3.2 Shields


You had 5 spell levels left.
You didn't know any spells.

Dungeon Overview and Level Annotations

Branches:
Dungeon (6/15)
 Temple: D:4-7

Altars:
Ashenzari
Dithmenos
Makhleb
Okawaru
Sif Muna
Vehumet
Xom


Innate Abilities, Weirdness & Mutations

You are resistant to torment.
Your stone body is resilient. (AC +4)
You are immune to poison.
You resist negative energy. (rN+)
You are resistant to electric shocks. (rElec)
You can survive without breathing.
You are immune to petrification.
You are immune to rotting.


Message History

You hit the ogre.
The ogre is heavily wounded.
The ogre barely misses you.
You hit the ogre.
The ogre is heavily wounded.
You block the ogre's attack.
You hit the ogre but do no damage.
The ogre is heavily wounded.
The ogre completely misses you.
You hit the ogre but do no damage.
The ogre is heavily wounded.
The ogre hits you with a giant club!!
Ouch! That really hurt!
* * * LOW HITPOINT WARNING * * *
The ogre closely misses you.
You hit the ogre.
The ogre is heavily wounded.
The ogre hits you with a giant club!!
Ouch! That really hurt!
You die...

...........##.###.##.#
.#.).).#......###.##.#
##.._).##............#
.#.).).#..##......####
..........##......#..
...###...###..^^..#.#
....#........^_^..#.##.#
.#.......###.^^^.......#
.#.....#.# #....@#####.#
.###.........#..OO...!..
## ##...##.......#....#
.#######..... #### .
...#... ##.# ...# .[
.... ### #####


You could see 2 ogres.

Vanquished Creatures
  A centaur (D:6)
  A bullfrog (D:3)
  A scorpion (D:6)
  A hound (D:5)
  A worker ant (D:6)
  Ijyb (D:3)
  2 adders
  2 worms (D:4)
  4 dart slugs
  A leopard gecko (D:6)
  3 orcs
  7 bats
  3 giant cockroaches
  8 goblins
  9 hobgoblins
  11 jackals
  9 kobolds
  6 frilled lizards
  8 rats
79 creatures vanquished.

Notes
Turn   | Place    | Note
-------+----------+-------------------------------------------
     0 | D:1      | Golfball the Gargoyle Fighter began the quest for the Orb.
     0 | D:1      | Reached XP level 1. HP: 14/14 MP: 1/1
   154 | D:1      | Reached XP level 2. HP: 19/19 MP: 2/2
   291 | D:1      | Reached skill level 3 in Maces & Flails
   435 | D:1      | Reached XP level 3. HP: 22/23 MP: 3/3
   463 | D:1      | Found a shattered altar of Ashenzari.
   990 | D:2      | Reached skill level 4 in Maces & Flails
   993 | D:2      | Found a burning altar of Makhleb.
  1069 | D:2      | Reached XP level 4. HP: 26/28 MP: 4/4
  1102 | D:2      | Found a deep blue altar of Sif Muna.
  1317 | D:2      | Found a radiant altar of Vehumet.
  1598 | D:3      | Noticed a bullfrog
  1605 | D:3      | Killed a bullfrog
  1605 | D:3      | Reached skill level 5 in Maces & Flails
  1605 | D:3      | Reached XP level 5. HP: 24/32 MP: 5/5
  1728 | D:3      | Noticed Ijyb
  1785 | D:3      | Killed Ijyb
  1929 | D:3      | You fall through a shaft for 3 floors!
  2002 | D:6      | Found a shadowy altar of Dithmenos.
  2138 | D:6      | Reached skill level 6 in Maces & Flails
  2190 | D:6      | Reached XP level 6. HP: 34/37 MP: 6/6
  2458 | D:5      | Entered Level 5 of the Dungeon
  2561 | D:4      | Found an iron altar of Okawaru.
  2573 | D:4      | Reached skill level 7 in Maces & Flails
  2584 | D:4      | Became a worshipper of Warmaster Okawaru
  2591 | D:4      | Found a shimmering altar of Xom.
  2667 | D:4      | Demolished by an ogre

Skill      XL: |  1  2  3  4  5  6 |
---------------+-------------------+-----
Maces & Flails | 3 4 5 6 7 |  7.0
Fighting       | |  3.2
Armour         | |  3.2
Shields        | |  3.2

Action                   |  1- 3 |  4- 6 || total
-------------------------+-------+-------++-------
Melee: Flail             |   165 |   177 ||   342
       Unarmed           |       |    28 ||    28
  Eat: Chunk             |     1 |     5 ||     6
Armor: Scale mail        |    69 |   110 ||   179
Dodge: Dodged            |    50 |    81 ||   131
Block: Shield            |    99 |   102 ||   201
